 Dungeon Crawl Stone Soup version 0.23.2-40-g277498a001 (webtiles) character file.

Game seed: 16671123253093405215

5452 Gildeon the Summoner (level 10, 0/74 HPs)
             Began as a Gnoll Summoner on Oct 13, 2019.
             Was a Believer of Nemelex Xobeh.
             Slain by a wyvern (5 damage)
             ... summoned by the player character
             ... on level 11 of the Dungeon on Oct 14, 2019.
             The game lasted 01:22:35 (11476 turns).

Gildeon the Summoner (Gnoll Summoner)              Turns: 11476, Time: 01:22:35

Health: 0/74       AC: 12    Str:  6    XL:     10   Next: 68%
Magic:  14/21      EV: 16    Int: 20    God:    Nemelex Xobeh [**....]
Gold:   593        SH:  5    Dex: 16    Spells: 2/23 levels left

rFire    + . .     SeeInvis .   f - +2 morningstar (crush)
rCold    + . .     Gourm    .   h - +0 buckler
rNeg     + + +     Faith    .   m - +2 leather armour {rC+}
rPois    .         Spirit   .   k - +0 helmet
rElec    .         Reflect  .   t - +0 cloak
rCorr    +         Harm     .   (no gloves)
MR       .....                  g - +3 pair of boots "Damnable Contraption" {rN+++ rCorr Str-5}
Stlth    ++++......             (no amulet)
HPRegen  0.22/turn              a - ring of protection from fire
MPRegen  0.17/turn              (no ring)

@: studying Stealth
A: distributed training, fangs 1, strong nose
a: Draw Escape, Draw Destruction, Draw Summoning, Renounce Religion


You were on level 11 of the Dungeon.
You worshipped Nemelex Xobeh.
Nemelex Xobeh was pleased with you.
You were not hungry.

You visited 2 branches of the dungeon, and saw 12 of its levels.

You collected 593 gold pieces.

Inventory:

Hand Weapons
 f - a +2 morningstar of crushing (weapon)
 p - a +3 spear
 E - a +2 morningstar of holy wrath
Missiles
 e - 172 arrows
Armour
 g - the +3 pair of boots "Damnable Contraption" (worn) {rN+++ rCorr Str-5}
   (You found it on level 7 of the Dungeon)

   It affects your strength (-5).
   It renders you almost immune to negative energy.
   It provides partial protection from all sources of acid and corrosion.
 h - a +0 buckler (worn)
 k - a +0 helmet (worn)
 m - a +2 leather armour of cold resistance (worn)
 t - a +0 cloak (worn)
 C - a +0 robe of fire resistance
 D - a +0 troll leather armour
Jewellery
 a - a ring of protection from fire (left hand)
Wands
 r - a wand of random effects (14)
 x - a wand of polymorph (6)
Scrolls
 b - a scroll of remove curse
 l - 4 scrolls of teleportation
 u - a scroll of acquirement {unknown}
 y - 2 scrolls of magic mapping
 z - a scroll of enchant weapon
Potions
 d - a potion of invisibility
 i - 4 potions of might
 j - 3 potions of haste
 n - a potion of berserk rage
 o - a potion of heal wounds
 q - a potion of brilliance
 s - a potion of curing {unknown}
 w - 3 potions of lignification
 B - a potion of degeneration {unknown}
Books
 v - a manual of Stealth
Comestibles
 c - 11 rations
 A - 19 chunks of flesh


   Skills:
 + Level 5.4 Fighting
 + Level 5.4 Short Blades
 + Level 5.4 Long Blades
 + Level 5.4 Axes
 + Level 5.4 Maces & Flails
 + Level 5.4 Polearms
 + Level 5.4 Staves
 + Level 5.4 Slings
 + Level 5.4 Bows
 + Level 5.4 Crossbows
 + Level 5.4 Throwing
 + Level 5.4 Armour
 + Level 7.2 Dodging
 + Level 7.8 Stealth
 + Level 5.4 Shields
 + Level 5.4 Unarmed Combat
 + Level 7.4 Spellcasting
 + Level 4.4 Conjurations
 + Level 4.4 Hexes
 + Level 4.4 Charms
 + Level 8.5 Summonings
 + Level 4.4 Necromancy
 + Level 4.4 Translocations
 + Level 4.4 Transmutations
 + Level 4.4 Fire Magic
 + Level 4.4 Ice Magic
 + Level 4.4 Air Magic
 + Level 4.4 Earth Magic
 + Level 4.4 Poison Magic
 + Level 5.9 Invocations
 + Level 5.4 Evocations


You had 2 spell levels left.
You knew the following spells:

 Your Spells              Type           Power        Failure   Level  Hunger
a - Call Imp              Summ           #####...     1%          2    None
b - Call Canine Familiar  Summ           #####...     1%          3    #......
c - Summon Guardian Gole  Hex/Summ       ####....     2%          3    #......
d - Summon Ice Beast      Ice/Summ       ####....     9%          4    ###....
e - Summon Lightning Spi  Summ/Air       ####....     9%          4    ###....
f - Conjure Flame         Conj/Fire      ####....     6%          3    #......
g - Throw Flame           Conj/Fire      ####..       3%          2    None

Your spell library contained the following spells:

 Spells                   Type           Power        Failure   Level  Hunger
 Flame Tongue             Conj/Fire      ####.        1%          1    None
 Summon Small Mammal      Summ           ####         1%          1    None
 Inner Flame              Hex/Fire       ####....     6%          3    #......
 Sticky Flame             Conj/Fire      ####....     21%         4    ###....
 Fireball                 Conj/Fire      ####......   50%         5    #####..


Dungeon Overview and Level Annotations

Branches:
Dungeon (11/15)            Temple (1/1) D:6
   Lair: D:8-11         Orc: D:9-12

Altars:
Ashenzari
Cheibriados
Dithmenos
Elyvilon
Fedhas
Gozag
Hepliaklqana
Kikubaaqudgha
Makhleb
Nemelex Xobeh
Okawaru
Qazlal
Ru
Sif Muna
Trog
Uskayaw
Vehumet
Wu Jian
Xom
Yredelemnul
Zin
The Shining One

Shops:
D:5 (

Portals:
Trove: D:10 (give +2 fire dragon scales)

Annotations:
D:10 exclusion: hippogriff, Psyche


Innate Abilities, Weirdness & Mutations

Your experience applies equally to all skills.
You have very sharp teeth.
Your uncanny sense of smell can sniff out nearby items.


Message History

The elephant trunk-slaps you but does no damage.
You block the wolf's attack. The wyvern bites you!
* * * LOW HITPOINT WARNING * * *
The wyvern closely misses you. You block the wyvern's attack.
The wyvern closely misses you. The wolf misses you.
The wyvern bites you but does no damage.
You block the wyvern's attack. The wyvern bites you.
* * * LOW HITPOINT WARNING * * *
The wolf bites you but does no damage. The wyvern completely misses you.
The wyvern bites you.
* * * LOW HITPOINT WARNING * * *
The wyvern closely misses you. The wolf bites you but does no damage.
The wyvern completely misses you. The wyvern closely misses you.
You block the wolf's attack. The wyvern bites you.
You die...
Your body glows slightly and disappears.

#############
##..(..#.....##
##.............##
#(..............#
#...(...........####
#...(...Y.l........#
#..)....(hll........
#..(()...l@......^.#
#.(................#
##...).............#
##.()..÷...........
....§.##.<##.##.......#
..>... ##.............#
...... ####..#.......#
...... ..§...#....) #.
......#.....


You could see an elephant, 4 wyverns and a wolf.

Vanquished Creatures
  A manticore (D:11)
  A yak (D:11)
  An orc warrior (D:7)
  2 sky beasts
  2 ice beasts
  An eye of draining (D:9)
  2 wolves
  2 bullfrogs
  A scorpion (D:4)
  A killer bee (D:7)
  3 wights
  3 crimson imps
  A bullfrog zombie (D:7)
  A quasit (D:8)
  An orc priest (D:7)
  A bullfrog skeleton (D:7)
  A hound (D:7)
  A centaur skeleton (D:9)
  An iguana (D:9)
  3 orc wizards (D:7)
  A worker ant (D:4)
  A hound skeleton (D:10)
  An adder (D:10)
  A shadow imp (D:9)
  An adder skeleton (D:5)
  3 leopard geckos
  6 orcs
  A hobgoblin (D:3)
  3 jackals
  A quokka (D:8)
  A frilled lizard (D:4)
  4 kobolds
  3 quokka skeletons
  3 rats
60 creatures vanquished.

Vanquished Creatures (collateral kills)
  Harold (D:7)
  A cyclops (D:11)
  A troll (D:10)
  A hornet (D:11)
  Grinder (D:3)
  A hippogriff (D:5)
  Sigmund (D:2)
  2 yaks (D:11)
  A wyvern (D:8)
  Grum (D:9)
  A soldier ant (D:11)
  2 sky beasts
  2 black bears
  2 wolves (D:8)
  A phantom (D:9)
  2 ogres
  A centaur (D:7)
  Blork the orc (D:5)
  2 big kobolds
  4 bullfrogs
  5 scorpions
  10 wights
  2 killer bees (D:7)
  4 howler monkeys
  2 centaur zombies
  A bullfrog zombie (D:11)
  2 hounds
  4 orc priests
  A jelly (D:5)
  An orc wizard (D:3)
  A bullfrog skeleton (D:11)
  Jessica (D:3)
  2 iguanas
  5 worker ants
  A killer bee zombie (D:10)
  A howler monkey zombie (D:6)
  Robin (D:3)
  A gnoll (D:5)
  6 adders
  An ooze (D:6)
  A worm (D:3)
  6 leopard geckos
  39 orcs
  6 bats
  5 giant cockroaches
  14 goblins
  4 hobgoblins
  A jackal (D:4)
  14 kobolds
  A quokka (D:6)
  A ball python (D:3)
  7 frilled lizards
  A quokka skeleton (D:4)
  6 rats
187 creatures vanquished.

Vanquished Creatures (others)
  A two-headed ogre (D:10)
  Edmund (D:6)
2 creatures vanquished.

Grand Total: 249 creatures vanquished

Notes
Turn   | Place    | Note
-------+----------+-------------------------------------------
     0 | D:1      | Gildeon the Gnoll Summoner began the quest for the Orb.
     0 | D:1      | Reached XP level 1. HP: 13/13 MP: 6/6
   271 | D:1      | Reached XP level 2. HP: 19/19 MP: 7/7
   275 | D:1      | Learned a level 2 spell: Call Imp
  1072 | D:2      | Found a faded altar of an unknown god.
  1072 | D:2      | Noticed Sigmund
  1275 | D:2      | Reached skill level 5 in Spellcasting
  1275 | D:2      | Reached XP level 3. HP: 18/25 MP: 7/9
  1289 | D:2      | Learned a level 3 spell: Call Canine Familiar
  1293 | D:2      | Learned a level 3 spell: Summon Guardian Golem
  1600 | D:3      | Reached skill level 1 in Invocations
  1630 | D:3      | Reached skill level 1 in Fighting
  1630 | D:3      | Reached skill level 1 in Short Blades
  1630 | D:3      | Reached skill level 1 in Long Blades
  1630 | D:3      | Reached skill level 1 in Axes
  1630 | D:3      | Reached skill level 1 in Maces & Flails
  1630 | D:3      | Reached skill level 1 in Polearms
  1630 | D:3      | Reached skill level 1 in Staves
  1630 | D:3      | Reached skill level 1 in Slings
  1630 | D:3      | Reached skill level 1 in Bows
  1630 | D:3      | Reached skill level 1 in Crossbows
  1630 | D:3      | Reached skill level 1 in Throwing
  1630 | D:3      | Reached skill level 1 in Armour
  1630 | D:3      | Reached skill level 1 in Shields
  1630 | D:3      | Reached skill level 1 in Unarmed Combat
  1630 | D:3      | Reached skill level 1 in Evocations
  1649 | D:3      | Reached XP level 4. HP: 32/32 MP: 2/11
  1683 | D:3      | Learned a level 4 spell: Summon Ice Beast
  1986 | D:3      | Noticed Robin
  2146 | D:3      | Killed Robin
  2391 | D:3      | Noticed Jessica
  2428 | D:3      | Killed Jessica
  2428 | D:3      | Reached skill level 1 in Conjurations
  2428 | D:3      | Reached skill level 1 in Hexes
  2428 | D:3      | Reached skill level 1 in Charms
  2428 | D:3      | Reached skill level 1 in Necromancy
  2428 | D:3      | Reached skill level 1 in Translocations
  2428 | D:3      | Reached skill level 1 in Transmutations
  2428 | D:3      | Reached skill level 1 in Fire Magic
  2428 | D:3      | Reached skill level 1 in Ice Magic
  2428 | D:3      | Reached skill level 1 in Air Magic
  2428 | D:3      | Reached skill level 1 in Earth Magic
  2428 | D:3      | Reached skill level 1 in Poison Magic
  2451 | D:3      | Reached XP level 5. HP: 37/37 MP: 10/12
  2564 | D:3      | Noticed Grinder
  2587 | D:3      | Paralysed by Grinder for 2 turns
  3315 | D:4      | HP: 1/57 [scorpion (3)]
  3339 | D:4      | Reached XP level 6. HP: 11/44 MP: 13/13
  3815 | D:4      | Reached skill level 5 in Dodging
  4050 | D:4      | Found a snail-covered altar of Cheibriados.
  4050 | D:4      | Found a glowing golden altar of the Shining One.
  4079 | D:5      | Entered Level 5 of the Dungeon
  4136 | D:5      | Noticed a hippogriff
  4279 | D:5      | Noticed Blork the orc
  4342 | D:5      | Killed Blork the orc
  4444 | D:5      | Found Niale's Antique Weapon Boutique.
  4482 | D:5      | Reached XP level 7. HP: 47/50 MP: 11/15
  5241 | D:6      | Noticed Edmund
  5277 | D:6      | Killed Edmund
  5542 | D:6      | Reached skill level 5 in Stealth
  5678 | D:6      | Reached XP level 8. HP: 39/57 MP: 11/16
  5704 | D:6      | Learned a level 4 spell: Summon Lightning Spire
  5809 | D:6      | Found a staircase to the Ecumenical Temple.
  5818 | Temple   | Entered the Ecumenical Temple
  5828 | Temple   | Became a worshipper of Nemelex Xobeh the Trickster
  6300 | D:7      | Got a pair of jewelled boots
  6306 | D:7      | Identified the +3 pair of boots "Damnable Contraption"
                  | {rN+++ rCorr Str-5} (You found it on level 7 of the
                  | Dungeon)
  6331 | D:7      | Received a gift from Nemelex Xobeh
  6464 | D:7      | Noticed Harold
  6538 | D:7      | Killed Harold
  7029 | D:7      | Reached XP level 9. HP: 65/65 MP: 9/18
  7701 | D:3      | Killed Grinder
  7777 | D:2      | Killed Sigmund
  7777 | D:2      | Reached skill level 8 in Summonings
  7961 | D:8      | Received a gift from Nemelex Xobeh
  8131 | D:8      | Reached * piety under Nemelex Xobeh
  8321 | D:8      | Learned a level 3 spell: Conjure Flame
  8857 | D:9      | Noticed Grum
  8879 | D:8      | Reached skill level 5 in Invocations
  9401 | D:9      | Killed Grum
  9401 | D:9      | Reached XP level 10. HP: 50/73 MP: 15/20
  9405 | D:9      | Learned a level 2 spell: Throw Flame
 10113 | D:10     | Entered Level 10 of the Dungeon
 10222 | D:10     | Received a gift from Nemelex Xobeh
 10235 | D:10     | Reached ** piety under Nemelex Xobeh
 10251 | D:10     | Noticed a two-headed ogre
 10277 | D:10     | Killed a two-headed ogre
 10277 | D:10     | Reached skill level 5 in Fighting
 10277 | D:10     | Reached skill level 5 in Short Blades
 10277 | D:10     | Reached skill level 5 in Long Blades
 10277 | D:10     | Reached skill level 5 in Axes
 10277 | D:10     | Reached skill level 5 in Maces & Flails
 10277 | D:10     | Reached skill level 5 in Polearms
 10277 | D:10     | Reached skill level 5 in Staves
 10277 | D:10     | Reached skill level 5 in Slings
 10277 | D:10     | Reached skill level 5 in Bows
 10277 | D:10     | Reached skill level 5 in Crossbows
 10277 | D:10     | Reached skill level 5 in Throwing
 10277 | D:10     | Reached skill level 5 in Armour
 10277 | D:10     | Reached skill level 5 in Shields
 10277 | D:10     | Reached skill level 5 in Unarmed Combat
 10277 | D:10     | Reached skill level 5 in Evocations
 10470 | D:10     | Found a portal to a secret trove of treasure.
 10726 | D:10     | Noticed Psyche
 11175 | D:11     | Noticed a manticore
 11390 | D:11     | Noticed a cyclops
 11399 | D:11     | Noticed a manticore
 11403 | D:11     | Killed a cyclops
 11411 | D:11     | Killed a manticore
 11433 | D:11     | Received a gift from Nemelex Xobeh
 11454 | D:11     | Noticed a two-headed ogre
 11466 | D:11     | Noticed an elephant
 11466 | D:11     | a two-headed ogre changed into an elephant
 11476 | D:11     | Slain by a wyvern

Skill      XL: |  1  2  3  4  5  6  7  8  9 10 |
---------------+-------------------------------+-----
Spellcasting   | 5 6 7 |  7.4
Invocations    | 1 2 3 4 5 |  5.9
Fighting       | 1 2 3 4 5 |  5.4
Short Blades   | 1 2 3 4 5 |  5.4
Long Blades    | 1 2 3 4 5 |  5.4
Axes           | 1 2 3 4 5 |  5.4
Maces & Flails | 1 2 3 4 5 |  5.4
Polearms       | 1 2 3 4 5 |  5.4
Staves         | 1 2 3 4 5 |  5.4
Slings         | 1 2 3 4 5 |  5.4
Bows           | 1 2 3 4 5 |  5.4
Crossbows      | 1 2 3 4 5 |  5.4
Throwing       | 1 2 3 4 5 |  5.4
Armour         | 1 2 3 4 5 |  5.4
Shields        | 1 2 3 4 5 |  5.4
Unarmed Combat | 1 2 3 4 5 |  5.4
Evocations     | 1 2 3 4 5 |  5.4
Conjurations   | 1 2 3 4 |  4.4
Hexes          | 1 2 3 4 |  4.4
Charms         | 1 2 3 4 |  4.4
Necromancy     | 1 2 3 4 |  4.4
Translocations | 1 2 3 4 |  4.4
Transmutations | 1 2 3 4 |  4.4
Fire Magic     | 1 2 3 4 |  4.4
Ice Magic      | 1 2 3 4 |  4.4
Air Magic      | 1 2 3 4 |  4.4
Earth Magic    | 1 2 3 4 |  4.4
Poison Magic   | 1 2 3 4 |  4.4
Dodging        | 5 6 7 |  7.2
Stealth        | 5 6 7 |  7.8
Summonings     | 8 |  8.5

Action                   |  1- 3 |  4- 6 |  7- 9 | 10-12 || total
-------------------------+-------+-------+-------+-------++-------
Melee: Whip              |     1 |       |       |       ||     1
       Club              |    24 |    78 |       |       ||   102
       Bite              |       |     3 |     8 |    13 ||    24
       Morningstar       |       |     1 |   145 |    50 ||   196
       Spear             |       |       |    26 |    86 ||   112
 Cast: Summon Small Mamm |    66 |    65 |     7 |       ||   138
       Call Imp          |     4 |    31 |    75 |    25 ||   135
       Call Canine Famil |       |     8 |    12 |    12 ||    32
       Summon Guardian G |       |     3 |    13 |     9 ||    25
       Throw Flame       |       |       |       |     3 ||     3
       Summon Ice Beast  |       |       |       |     1 ||     1
 Abil: Draw Destruction  |       |       |       |     5 ||     5
       Draw Summoning    |       |       |       |     1 ||     1
Evoke: Wand              |       |       |       |     1 ||     1
  Use: Scroll            |     2 |     3 |    10 |     3 ||    18
       Potion            |     1 |     2 |       |       ||     3
 Stab: Distracted        |       |       |     4 |     4 ||     8
       Sleeping          |       |       |       |     1 ||     1
  Eat: Ration            |     1 |       |     1 |       ||     2
       Chunk             |       |     8 |    13 |     7 ||    28
Armor: Robe              |     4 |     6 |    16 |       ||    26
       Skin              |       |    26 |       |       ||    26
       Leather armour    |       |       |    47 |    31 ||    78
Dodge: Dodged            |    27 |    71 |   172 |    64 ||   334
Block: Buckler           |       |       |    59 |    32 ||    91
